 Dungeon Sprint DCSS version 0.21-a0-91-ga5031da (webtiles) character file.

519 pib the Lightning Rod (level 7, -5/57 HPs)
             Began as a Demonspawn Gladiator on June 30, 2017.
             Was a Follower of Qazlal.
             Killed from afar by a blizzard demon (23 damage)
             ... with a bolt of cold
             ... summoned by Buenk
             ... in the Dungeon (Sprint V: "Ziggurat Sprint").
             The game lasted 00:05:28 (397 turns).

pib the Lightning Rod (Demonspawn Gladiator)         Turns: 397, Time: 00:05:29

Health: -5/57      AC: 33    Str: 24    XL:     7   Next: 1%
Magic:  14/14      EV:  2    Int:  9    God:    Qazlal [*.....]
Gold:   0          SH: 30    Dex: 15    Spells: 6/6 levels left

rFire    + . .     SeeInvis .   a - +5 demon whip
rCold    . . .     Gourm    .   J - +18 shield of the Gong {rElec rN+ MR+ EV-5}
rNeg     + . .     Faith    .   K - +15 Maxwell's patent armour {-Cast -Tele rElec MR+ rCorr}
rPois    .         Spirit   .   (helmet restricted)
rElec    +         Reflect  .   (no cloak)
rCorr    +         Harm     .   (no gloves)
MR       ++...     NoTele   +   (no boots) Stlth ..........NoCast +
                                (no amulet)
HPRegen  0.19/turn              E - +6 ring of strength
MPRegen  0.14/turn              M - ring "Xoss" {rF+ Str+2}

@: sanguine armour
A: horns 1, powered by death 1, spiny 2, sanguine armour 1
a: Renounce Religion


You were in the Dungeon.
You worshipped Qazlal.
Qazlal was aware of your devotion.
You were not hungry.

You visited 1 branch

Inventory:

Hand Weapons
 a - a +5 demon whip (weapon)
Missiles
 d - 3 throwing nets (quivered)
Armour
 b - a +0 leather armour
 c - a +0 helmet
 B - a +5 crystal plate armour
 C - +5 gold dragon scales
 J - the +18 shield of the Gong (worn) {rElec rN+ MR+ EV-5}
   (You found it in the Dungeon)

   It affects your evasion (-5).
   It insulates you from electricity.
   It protects you from negative energy.
   It affects your resistance to hostile enchantments.
 K - the +15 Maxwell's patent armour (worn) {-Cast -Tele rElec MR+ rCorr}
   (You found it in the Dungeon)

   It insulates you from electricity.
   It affects your resistance to hostile enchantments.
   It prevents spellcasting.
   It prevents most forms of teleportation.
   It protects you from acid and corrosion.
 L - a +3 large shield
Jewellery
 y - a +6 ring of dexterity
 A - a +6 ring of dexterity
 D - a +6 ring of strength
 E - a +6 ring of strength (left hand)
 M - the ring "Xoss" (right hand) {rF+ Str+2}
   (You found it in the Dungeon)

   [ring of protection from fire]

   It affects your strength (+2).
   It protects you from fire.
Wands
 F - a wand of disintegration (6/24)
 G - a wand of iceblast (2/15)
 H - a wand of lightning (5/15)
 I - a wand of acid (5/15)
Scrolls
 k - 4 scrolls of blinking
 r - 4 scrolls of amnesia
 s - 3 scrolls of recharging
 t - 7 scrolls of fog
 u - 5 scrolls of identify
 v - 5 scrolls of remove curse
 w - 2 scrolls of fear
Potions
 e - 10 potions of curing
 g - 9 potions of heal wounds
 h - 6 potions of haste
 i - 7 potions of magic
 j - 3 potions of berserk rage
 l - 2 potions of brilliance
 m - 2 potions of invisibility
 n - 4 potions of resistance
 p - 5 potions of agility
 q - 5 potions of might
Miscellaneous
 o - a lightning rod (4/4)
 N - a lamp of fire
Comestibles
 f - 5 bread rations
 x - 42 fruits
 z - 4 meat rations


   Skills:
 + Level 5.8 Fighting
   Level 2.6 Axes
 - Level 1.7 Throwing
 + Level 4.7 Armour
 + Level 5.6 Dodging
 + Level 4.7 Shields
 * Level 10.1 Invocations
 - Level 7.3 Evocations


You had 6 spell levels left.
You didn't know any spells.

Dungeon Overview and Level Annotations

Branches:
Dungeon (1/1)

Altars:
Ashenzari
Cheibriados
Dithmenos
Elyvilon
Fedhas
Gozag
Hepliaklqana
Kikubaaqudgha
Makhleb
Nemelex Xobeh
Okawaru
Qazlal
Ru
Sif Muna
Trog
Uskayaw
Vehumet
Wu Jian
Xom
Yredelemnul
Zin
The Shining One
Beogh
Jiyva
Lugonu

Annotations:
D 1 transporter


Innate Abilities, Weirdness & Mutations

You have a pair of small horns on your head.
You regenerate a little health from kills.
You are mostly covered in sharp spines.
When seriously injured, your bleeding wounds create armour. (AC +6)


Message History

You block the white imp's attack.
PANG!
You block the blizzard demon's attack.
PANG!
You block the blizzard demon's attack.
GONNNNG!
You block the crimson imp's attack.
PTOANNNG!
You block the white imp's attack.
SHROANNG!
Buenk gestures.
The blizzard demon gestures at you. The bolt of lightning hits you! You resist.
Unknown command.
The crimson imp blinks!
You block Buenk's attack.
BONNNG!
You block the white imp's attack.
GONNNNG!
The blizzard demon gestures at you. The bolt of cold hits you!
You die...

▓▓▓▓▓▓▓▓▓▓▓▓▓▓▓▓▓▓▓
▓.8©8.▓.8©8.▓.8©8.▓
▓.)[}.▓.)...▓.....▓
▓..:5.▓.....▓.).".▓
▓.....▓.....▓.....▓
▓...1.▓.....▓.....▓
▓..1&5▓.....▓.....▓
▓..§@2▓.....▓▓▓▓▓▓▓
▓▓▓▓▓▓▓▓▓▓▓▓▓


You could see Buenk, 2 Ice Fiends, a blizzard demon, a crimson imp and a white
imp.

Vanquished Creatures
  A jumping spider (D)
  A fire elemental (D)
  A hell hound (D)
  A scorpion (D)
  An ufetubus (D)
5 creatures vanquished.

Vanquished Creatures (others)
  A fire vortex (D)
1 creature vanquished.

Grand Total: 6 creatures vanquished

Notes
Turn   | Place    | Note
-------+----------+-------------------------------------------
     0 | D        | pib the Demonspawn Gladiator began the quest for the Orb.
     0 | D        | Reached XP level 1. HP: 16/16 MP: 1/1
     0 | D        | Found a blossoming altar of Fedhas.
     1 | D        | Found a deep blue altar of Sif Muna.
     1 | D        | Found a sacrificial altar of Ru.
     1 | D        | Found a bloodstained altar of Trog.
     1 | D        | Found a stormy altar of Qazlal.
     1 | D        | Found an iron altar of Okawaru.
     1 | D        | Found a sparkling altar of Nemelex Xobeh.
     3 | D        | Found a transporter.
     3 | D        | Found an ancient bone altar of Kikubaaqudgha.
     3 | D        | Found a viscous altar of Jiyva.
     3 | D        | Found a corrupted altar of Lugonu.
     3 | D        | Found a hazy altar of Hepliaklqana.
     3 | D        | Found a burning altar of Makhleb.
     3 | D        | Found an opulent altar of Gozag.
    67 | D        | Became a worshipper of Qazlal Stormbringer
    70 | D        | Gained mutation: You are partially covered in sharp spines. [demonic ancestry]
    70 | D        | Reached XP level 2. HP: 22/22 MP: 1/6
   238 | D        | Entered arena 2.
   238 | D        | Noticed a scorpion
   238 | D        | Noticed a jumping spider
   238 | D        | Found a transporter.
   239 | D        | Killed a scorpion
   239 | D        | Reached skill level 1 in Armour
   239 | D        | Reached skill level 1 in Shields
   239 | D        | Reached skill level 3 in Invocations
   239 | D        | Reached XP level 3. HP: 28/28 MP: 8/8
   240 | D        | Killed a jumping spider
   240 | D        | Reached skill level 8 in Invocations
   240 | D        | Gained mutation: When seriously injured, your bleeding wounds create armour. (AC +6) [demonic ancestry]
   240 | D        | Reached XP level 4. HP: 33/38 MP: 10/10
   240 | D        | Gained mutation: You are mostly covered in sharp spines. [demonic ancestry]
   240 | D        | Reached XP level 5. HP: 37/43 MP: 11/11
   240 | D        | Gained mutation: You regenerate a little health from kills. [demonic ancestry]
   240 | D        | Reached XP level 6. HP: 43/50 MP: 12/12
   285 | D        | Entered arena 3.
   285 | D        | Noticed a hell hound
   285 | D        | Noticed a fire elemental
   285 | D        | Found a transporter.
   287 | D        | Killed a hell hound
   287 | D        | Reached * piety under Qazlal
   287 | D        | Reached skill level 5 in Fighting
   287 | D        | Reached skill level 5 in Dodging
   287 | D        | Reached skill level 9 in Invocations
   289 | D        | Killed a fire elemental
   289 | D        | Reached skill level 10 in Invocations
   289 | D        | Gained mutation: You have a pair of small horns on your head. [demonic ancestry]
   289 | D        | Reached XP level 7. HP: 57/57 MP: 12/14
   305 | D        | Got the ring "Xoss" {rF+ Str+2}
   387 | D        | Entered arena 4.
   387 | D        | Noticed Buenk the pandemonium lord
   387 | D        | Found a transporter.
   389 | D        | Noticed an Ice Fiend
   394 | D        | Noticed a blizzard demon
   397 | D        | Noticed an Ice Fiend
   397 | D        | Killed from afar by a blizzard demon

Vault maps used:
D:        sprint_v

Skill      XL: |  1  2  3  4  5  6 |
---------------+-------------------+-----
Evocations     | 7 |  7.3
Armour         | 1 3 4 |  4.7
Dodging        | 3 4 5 |  5.6
Shields        | 1 3 4 |  4.7
Invocations    | 3 8 10 | 10.1
Fighting       | 4 5 |  5.8
Axes           | |  2.6
Throwing       | |  1.7

Action                   |  1- 3 |  4- 6 |  7- 9 || total
-------------------------+-------+-------+-------++-------
Melee: Demon whip        |       |     1 |     4 ||     5
       Headbutt          |       |       |     2 ||     2
Evoke: Wand              |     1 |     3 |       ||     4
  Use: Potion            |     1 |       |     1 ||     2
Armor: Plate armour      |       |       |     4 ||     4
Block: Shield            |     1 |     2 |    20 ||    23
